Map: [ESL] Royal Blood

Players

Astrea

  • Race: Protoss Protoss
  • Spawn Location: 7:00

Scarlett - Winner!

  • Race: Zerg Zerg
  • Spawn Location: 1:00

Event: ESL SC2 Masters 2023 Summer (Regionals)

VOD

Have the link to the VOD?

Description

Time

  • Played on: May 20, 2023, 4:48 p.m.
  • Length: 8:55

All games in this series

Show
View Real Time Build Order
Export as new Build Order

Astrea Protoss 

Build Orders: 1 Gate Expand, Oracle Opening 

Get SALT Encoding   

  12  0:00  Probe  
  13  0:12  Probe  
  14  0:18  Pylon  
  14  0:24  Probe (Chrono Boost)  
  15  0:37  Probe (Chrono Boost)  
  15  0:39  Gateway  
  16  0:44  Probe (Chrono Boost)  
  16  0:49  Assimilator  
  17  0:52  Probe  
  18  1:04  Probe  
  19  1:16  Probe  
  20  1:25  Nexus  
  20  1:28  Probe  
  21  1:38  Cybernetics Core  
  21  1:45  Assimilator  
  21  1:46  Probe  
  22  1:53  Pylon  
  22  1:58  Probe  
  23  2:11  Probe (Chrono Boost)  
  23  2:13  Adept (Chrono Boost)  
  24  2:20  Probe (Chrono Boost), Stargate  
  27  2:25  Probe  
  28  2:31  Pylon  
  28  2:32  Warp Gate  
  30  2:39  Probe (Chrono Boost)  
  30  2:40  Stalker  
  30  2:42  Probe (Chrono Boost)  
  32  2:48  Probe (Chrono Boost)  
  34  2:51  Probe (Chrono Boost)  
  34  2:53  Probe (Chrono Boost)  
  35  3:01  Probe  
  35  3:05  Probe, Oracle (Chrono Boost)  
  37  3:11  Pylon  
  40  3:13  Probe  
  40  3:17  Probe  
  42  3:26  Probe  
  43  3:29  Probe  
  43  3:33  Oracle (Chrono Boost)  
  44  3:38  Probe  
  44  3:40  Nexus  
  48  3:41  Probe  
  48  3:43  Pylon  
  49  3:50  Probe  
  49  3:53  Probe  
  49  4:03  Probe  
  49  4:05  Probe, Gateway, Twilight Council  
  51  4:11  Pylon, Assimilator  
  51  4:15  Probe  
  51  4:16  Gateway  
  52  4:18  Gateway  
  52  4:19  Probe  
  52  4:23  Adept  
  54  4:27  Probe  
  54  4:30  Pylon  
  54  4:31  Probe, Oracle (Chrono Boost)  
  59  4:40  Probe  
  59  4:44  Probe  
  61  4:47  Blink (Chrono Boost)  
  61  4:50  Adept  
  61  4:52  Probe  
  64  4:54  Probe  
  64  4:56  Probe  
  64  4:59  Pylon  
  66  5:04  Probe  
  66  5:06  Probe  
  68  5:08  Probe  
  68  5:09  Adept  
  71  5:16  Probe, Stalker x3  
  71  5:18  Probe  
  71  5:20  Probe  
  80  5:28  Probe  
  79  5:30  Probe, Shield Battery  
  79  5:32  Probe, Stalker  
  83  5:40  Probe, Stalker x3  
  83  5:41  Forge  
  83  5:42  Probe  
  91  5:44  Pylon  
  91  5:47  Pylon  
  91  5:53  Probe  
  92  6:00  Probe  
  92  6:03  Nexus  
  90  6:05  Stalker x4  
  90  6:10  Shield Battery x2  
  90  6:11  Protoss Ground Weapons Level 1 (Chrono Boost)  
  98  6:14  Assimilator  
  98  6:15  Photon Cannon  
  98  6:20  Probe  
  98  6:21  Probe  
  100  6:30  Stalker x2  
  100  6:32  Gateway  
  104  6:34  Gateway  
  104  6:36  Zealot x2  
  107  6:44  Probe  
  101  6:48  Probe  
  101  6:49  Probe  
  99  6:55  Shield Battery  
  99  6:56  Adept  
  99  6:57  Adept x3  
  99  6:58  Probe  
  107  7:01  Pylon  
  107  7:03  Gateway  
  107  7:08  Probe, Shield Battery  
  106  7:10  Probe  
  107  7:16  Probe  
  107  7:19  Oracle  
  111  7:25  Zealot  
  111  7:27  Zealot x4  
  117  7:32  Probe  
  117  7:33  Probe  
  111  7:37  Probe  
  111  7:42  Pylon  
  112  7:46  Adept x2  
  112  7:50  Probe x2  
  118  7:51  Adept  
  118  7:54  Probe  
  118  7:55  Nexus  
  121  7:59  Zealot  
  121  8:03  Cybernetics Core  
  123  8:06  Cybernetics Core  
  123  8:09  Zealot x4  
  131  8:17  Gateway x2  
  131  8:19  Zealot  
  132  8:28  Photon Cannon  
  132  8:32  Zealot, Photon Cannon  
  129  8:35  Pylon  
  129  8:37  Zealot x3  
  129  8:38  Zealot  
Show
View Real Time Build Order
Export as new Build Order

Scarlett Zerg - Winner!

Build Orders: Hatch First 

Get SALT Encoding   

  12  0:00  Drone  
  13  0:12  Overlord  
  13  0:16  Drone  
  14  0:30  Drone x2  
  16  0:42  Drone  
  17  0:51  Hatchery  
  17  0:54  Drone  
  17  0:57  Drone  
  18  1:09  Extractor  
  17  1:13  Spawning Pool  
  17  1:15  Drone  
  17  1:18  Drone  
  18  1:27  Drone  
  19  1:39  Drone  
  20  1:48  Overlord  
  20  1:59  Queen  
  22  2:02  Queen, Zergling x2  
  22  2:03  Drone  
  26  2:10  Zergling x2  
  27  2:16  Drone  
  27  2:17  Metabolic Boost  
  28  2:23  Drone  
  28  2:24  Drone  
  30  2:33  Drone  
  30  2:36  Drone  
  32  2:40  Hatchery  
  31  2:47  Queen  
  31  2:50  Overlord  
  33  2:54  Drone  
  33  2:56  Drone  
  35  2:59  Drone  
  36  3:11  Queen  
  38  3:13  Drone x4  
  38  3:16  Overlord  
  42  3:20  Drone  
  44  3:27  Drone  
  44  3:30  Overlord  
  44  3:34  Queen  
  44  3:36  Drone  
  47  3:45  Zergling x8  
  47  3:46  Drone  
  52  3:49  Spore Crawler  
  52  3:50  Queen  
  52  3:54  Queen  
  55  4:01  Drone x3  
  54  4:04  Drone x2  
  57  4:10  Drone x3  
  59  4:17  Drone  
  59  4:18  Evolution Chamber  
  58  4:24  Drone x6  
  58  4:27  Overlord  
  64  4:33  Spore Crawler  
  64  4:34  Drone, Spore Crawler  
  64  4:35  Drone  
  64  4:43  Overlord, Drone  
  65  4:47  Drone x5  
  65  4:51  Zerg Melee Weapons Level 1  
  70  4:53  Overlord  
  70  4:57  Drone x3  
  73  5:04  Overlord, Drone x4  
  77  5:10  Overlord  
  77  5:14  Drone x5  
  77  5:15  Overlord  
  81  5:22  Hatchery  
  81  5:26  Zergling x8  
  81  5:30  Extractor  
  81  5:31  Extractor  
  81  5:32  Zergling x12  
  85  5:38  Lair  
  85  5:40  Zergling x8  
  89  5:44  Zergling x4  
  91  5:53  Zergling x10  
  91  5:56  Hatchery  
  90  6:05  Zergling x2  
  90  6:06  Zergling x14  
  90  6:09  Drone  
  99  6:14  Hatchery  
  98  6:19  Drone  
  98  6:20  Zergling x6  
  98  6:21  Baneling Nest  
  98  6:24  Zergling x6  
  104  6:28  Zergling x4  
  104  6:29  Overlord x2  
  104  6:32  Overlord x3  
  105  6:46  Zergling x6  
  103  6:52  Zergling x16  
  108  7:01  Zergling x2  
  108  7:02  Zergling x14  
  114  7:13  Zergling x2  
  114  7:14  Zergling x6  
  115  7:27  Zergling x2  
  115  7:28  Zergling x24  
  125  7:36  Zergling x14  
  123  7:40  Zergling x6  
  118  7:46  Zergling x10  
  122  7:51  Zergling x10  
  125  7:58  Zergling x22  
  135  8:06  Baneling  
  135  8:07  Baneling x7  
  135  8:08  Zergling x2  
  135  8:09  Zergling x10  
  141  8:14  Zergling x6  
  141  8:15  Baneling x2  
  141  8:16  Baneling x14  
  141  8:18  Zergling x6  
  146  8:20  Overlord  
  146  8:29  Zergling x16  
  146  8:30  Baneling x3  
  148  8:38  Zergling x2  
Tags
 
Add a new tag
Caveats
  • Supply blocks, unpowered buildings, or Contaminate may cause inaccurate times.
  • Supply counts are checked every 10 seconds.